[Event "V Sunway Sitges Open 2018"]
[Site "Sitges"]
[Date "2018.12.17"]
[Round "4"]
[White "Prieto, Alberto"]
[Black "Lorenzo Duran, Marcos"]
[Result "0-1"]
[ECO "C33"]
[WhiteElo "1953"]
[BlackElo "2149"]
[Annotator "NA"]
[PlyCount "76"]
[EventDate "2018.12.14"]
[EventType "swiss"]
[EventCountry "ESP"]
[SourceTitle "playchess.com"]
[Source "ChessBase"]
[SourceQuality "1"]
[TimeControl "40/5400+30:1800+30"]

1. e4 e5 2. f4 exf4 3. Nc3 Qh4+ 4. Ke2 d6 5. d4 g5 6. Nd5 Na6 7. Nf3 Bg4 8. Kd2 Qf2+ 9. Qe2 Qxe2+ 10. Bxe2 Bxf3 11. gxf3 Kd7 12. h4 c6 13. Bxa6 bxa6 14. Nb4 f6 15. Nd3 Ne7 16. e5 Ng6 17. h5 Nh4 18. Rh3 fxe5 19. dxe5 Nf5 20. b3 Bg7 21. Bb2 h6 22. Re1 Rhe8 23. Rhh1 Bh8 24. Re4 Ng3 25. Rhe1 Nxe4+ 26. Rxe4 Rad8 27. Ra4 Kc8 28. Rxa6 Kb7 29. Ra4 Bxe5 30. Bxe5 dxe5 31. Ke2 Rd4 32. b4 Rc4 33. Nc5+ Ka8 34. Kd3 Rd4+ 35. Kc3 g4 36. fxg4 f3 37. Nd3 Rxd3+ 38. Kxd3 Rf8 0-1

[Event "V Sunway Sitges Open 2018"]
[Site "Sitges"]
[Date "2018.12.17"]
[Round "4"]
[White "Walter Travella, German"]
[Black "Garcia Ruiz, Adrian"]
[Result "1-0"]
[ECO "C54"]
[WhiteElo "1917"]
[BlackElo "1977"]
[Annotator "NA"]
[PlyCount "45"]
[EventDate "2018.12.14"]
[EventType "swiss"]
[EventCountry "ESP"]
[SourceTitle "playchess.com"]
[Source "ChessBase"]
[SourceQuality "1"]
[TimeControl "40/5400+30:1800+30"]

1. e4 e5 2. Nf3 Nc6 3. Bc4 Bc5 4. c3 Nf6 5. d4 exd4 6. cxd4 Bb4+ 7. Nc3 Nxe4 8. O-O Bxc3 9. d5 Ne5 10. Qe2 Nxf3+ 11. Qxf3 O-O 12. bxc3 Re8 13. Bd3 Nc5 14. d6 cxd6 15. Bc4 Ne6 16. Ba3 Qc7 17. Bd5 Rb8 18. Qg3 Nc5 19. Rfe1 Rf8 20. Qf4 g6 21. Re8 Rxe8 22. Qxf7+ Kh8 23. Qf6# 1-0

[Event "V Sunway Sitges Open 2018"]
[Site "Sitges"]
[Date "2018.12.17"]
[Round "4"]
[White "Gardner, Leo"]
[Black "Empez Garcia, Manuel"]
[Result "1-0"]
[ECO "B27"]
[WhiteElo "1470"]
[BlackElo "1532"]
[Annotator "NA"]
[PlyCount "59"]
[EventDate "2018.12.14"]
[EventType "swiss"]
[EventCountry "ESP"]
[SourceTitle "playchess.com"]
[Source "ChessBase"]
[SourceQuality "1"]
[TimeControl "40/5400+30:1800+30"]

1. e4 c5 2. Nf3 g6 3. d4 Nf6 4. Nc3 e6 5. Be3 cxd4 6. Nxd4 Bg7 7. f3 O-O 8. Qd2 a6 9. g4 d6 10. h4 e5 11. Nb3 Nc6 12. O-O-O Ne8 13. Nd5 Rb8 14. Be2 Be6 15. Bg5 f6 16. Be3 b5 17. f4 a5 18. f5 Bf7 19. g5 a4 20. Na1 b4 21. h5 Nd4 22. fxg6 Bxd5 23. gxh7+ Kxh7 24. g6+ Kg8 25. exd5 Nf5 26. h6 Nxe3 27. Qxe3 Qe7 28. hxg7 Qxg7 29. Qh3 Qxg6 30. Rdg1 1-0

[Event "V Sunway Sitges Open 2018"]
[Site "Sitges"]
[Date "2018.12.17"]
[Round "4"]
[White "Isaksson, Max"]
[Black "Stanghelle, Anders"]
[Result "1-0"]
[ECO "B30"]
[WhiteElo "1409"]
[BlackElo "1472"]
[Annotator "NA"]
[PlyCount "43"]
[EventDate "2018.12.14"]
[EventType "swiss"]
[EventCountry "ESP"]
[SourceTitle "playchess.com"]
[Source "ChessBase"]
[SourceQuality "1"]
[TimeControl "40/5400+30:1800+30"]

1. e4 c5 2. Nf3 Nc6 3. Bb5 Nd4 4. Nxd4 cxd4 5. d3 Qa5+ 6. c3 Qxb5 7. cxd4 Qb4+ 8. Nc3 Qxd4 9. Be3 Qd6 10. O-O e5 11. Rc1 Qa6 12. Qb3 Bd6 13. Nb5 Bb8 14. Rxc8+ Ke7 15. Nc7 Bxc7 16. Rxa8 b6 17. Qa3+ Qxa3 18. bxa3 a5 19. Rc1 Bd6 20. Rcc8 Bxa3 21. Bxb6 Bb4 22. Bc5+ 1-0

[Event "V Sunway Sitges Open 2018"]
[Site "Sitges"]
[Date "2018.12.17"]
[Round "4"]
[White "Tateo, Ida"]
[Black "Goris-Schouwstra, Adry"]
[Result "1-0"]
[ECO "C14"]
[WhiteElo "1206"]
[BlackElo "1645"]
[Annotator "NA"]
[PlyCount "63"]
[EventDate "2018.12.14"]
[EventType "swiss"]
[EventCountry "ESP"]
[SourceTitle "playchess.com"]
[Source "ChessBase"]
[SourceQuality "1"]
[TimeControl "40/5400+30:1800+30"]

1. e4 e6 2. d4 d5 3. Nc3 Nf6 4. Bg5 Be7 5. e5 Nfd7 6. Bxe7 Qxe7 7. f4 a6 8. Nf3 c5 9. dxc5 Qxc5 10. Qd2 Nc6 11. O-O-O Nb6 12. Nd4 Bd7 13. h4 Rc8 14. Nb3 Qb4 15. a3 Qe7 16. g4 Nc4 17. Bxc4 dxc4 18. Nc5 Rc7 19. N5e4 O-O 20. h5 Rd8 21. Nd6 f6 22. exf6 Qxf6 23. f5 Bc8 24. Qh2 Rcd7 25. Nce4 Qe7 26. h6 exf5 27. hxg7 Qxg7 28. gxf5 Kh8 29. f6 Qf8 30. Qf4 Qg8 31. f7 Qg6 32. f8=Q+ 1-0

[Event "V Sunway Sitges Open 2018"]
[Site "Sitges"]
[Date "2018.12.18"]
[Round "5"]
[White "Adly, Ahmed"]
[Black "Wang, Kevin"]
[Result "1-0"]
[ECO "D00"]
[WhiteElo "2626"]
[BlackElo "2449"]
[Annotator "RC"]
[PlyCount "131"]
[EventDate "2018.12.14"]
[EventType "swiss"]
[EventCountry "ESP"]
[SourceTitle "playchess.com"]
[Source "ChessBase"]
[SourceQuality "1"]
[TimeControl "40/5400+30:1800+30"]

1. d4 d5 2. g3 Nf6 3. Bg2 g6 4. c4 c6 5. Qa4 Bg7 6. cxd5 Nxd5 7. Nf3 O-O 8. O-O Bg4 9. Rd1 a5 10. Nc3 Nb4 11. Rd2 Qc8 12. Qd1 Rd8 13. Na4 Nd7 14. h3 Bxf3 15. Bxf3 b5 16. Nc3 Nb6 17. a3 N4d5 18. e4 Nxc3 19. bxc3 Bh6 20. Bg4 e6 21. Rd3 Bxc1 22. Qxc1 a4 23. h4 Nc4 24. Rf3 c5 25. h5 cxd4 26. Qf4 Rd7 27. cxd4 Qc7 28. Qh6 Qd6 29. Kg2 Qf8 30. Qg5 Qe7 31. Rf6 h6 32. Qxb5 Qxf6 33. Qxd7 Rd8 34. Qc7 gxh5 35. Bxh5 Rxd4 36. Rb1 Kg7 37. Qa7 Nd6 38. Rb2 Rxe4 39. Rb8 Re5 40. Bf3 Ne4 41. Qxa4 Ng5 42. Bg4 Qe7 43. Qa8 Qd6 44. Rd8 Qc5 45. Rg8+ Kf6 46. Qd8+ Qe7 47. Qxe7+ Kxe7 48. f4 Ra5 49. fxg5 hxg5 50. Bf3 Rxa3 51. Rxg5 f5 52. Bh5 Kf6 53. Rg6+ Ke5 54. Bf3 Ra2+ 55. Kf1 f4 56. g4 Ra3 57. Kf2 Re3 58. Rh6 Ra3 59. Rg6 Re3 60. Rg8 Ra3 61. Rf8 Ra2+ 62. Be2 Ra3 63. Rb8 Rg3 64. Rb4 Rh3 65. Bf3 Rg3 66. Re4+ 1-0

[Event "V Sunway Sitges Open 2018"]
[Site "Sitges"]
[Date "2018.12.18"]
[Round "5"]
[White "Peralta, Fernando"]
[Black "Bharath Subramaniyam H"]
[Result "1/2-1/2"]
[ECO "A05"]
[WhiteElo "2584"]
[BlackElo "2234"]
[Annotator "ChessBase"]
[PlyCount "89"]
[EventDate "2018.12.14"]
[EventType "swiss"]
[EventCountry "ESP"]
[SourceTitle "playchess.com"]
[Source "ChessBase"]
[SourceQuality "1"]
[TimeControl "40/5400+30:1800+30"]

1. Nf3 Nf6 2. c4 b6 3. Nc3 Bb7 4. d4 g6 5. Qc2 Bg7 6. e4 d6 7. Be2 O-O 8. O-O c5 9. d5 Nbd7 10. Bf4 a6 11. a4 Qc7 12. Rad1 Rad8 13. h3 Ne5 14. Nxe5 dxe5 15. Be3 a5 16. Qc1 Ba6 17. b3 Qd6 18. Kh1 Nd7 19. Bd3 Kh8 20. Ne2 Rg8 21. f3 Rdf8 22. Qc2 Bc8 23. Nc3 Ba6 24. Rf2 Nf6 25. g4 Nd7 26. Rh2 Nf6 27. Rf1 Rc8 28. Ne2 e6 29. Ng3 exd5 30. cxd5 Bxd3 31. Qxd3 c4 32. bxc4 Qb4 33. Rc2 Nd7 34. Ra1 Rc7 35. Bd2 Qd6 36. Be3 Qb4 37. Bd2 Qd6 38. Kg2 Rgc8 39. h4 Nc5 40. Qa3 Bf8 41. Qe3 Qd7 42. Rca2 Qd6 43. Rc2 Qd7 44. Rca2 Qd6 45. Rc2 1/2-1/2

[Event "V Sunway Sitges Open 2018"]
[Site "Sitges"]
[Date "2018.12.18"]
[Round "5"]
[White "Henderson de La Fuente, Lance"]
[Black "Antova, Gabriela"]
[Result "1-0"]
[ECO "B23"]
[WhiteElo "2484"]
[BlackElo "2303"]
[Annotator "ChessBase"]
[PlyCount "58"]
[EventDate "2018.12.14"]
[EventType "swiss"]
[EventCountry "ESP"]
[SourceTitle "playchess.com"]
[Source "ChessBase"]
[SourceQuality "1"]
[TimeControl "40/5400+30:1800+30"]

1. e4 c5 2. Nc3 d6 3. d4 cxd4 4. Qxd4 Nc6 5. Qd2 Nf6 6. b3 g6 7. Bb2 Bg7 8. O-O-O O-O 9. f3 a5 10. a4 Bd7 11. Nge2 Rc8 12. Kb1 Nb4 13. g4 Rc5 14. Nd4 Qb8 15. Na2 Nxa2 16. Kxa2 Rfc8 17. c4 b6 18. Bd3 Ne8 19. h4 e6 20. h5 d5 21. exd5 exd5 22. hxg6 hxg6 23. Nb5 Nf6 24. Rh3 dxc4 25. Bxc4 Bxb5 26. axb5 Qc7 27. Kb1 a4 28. Rdh1 g5 29. Qd3 Kf8 1-0

[Event "V Sunway Sitges Open 2018"]
[Site "Sitges"]
[Date "2018.12.18"]
[Round "5"]
[White "Seyb, Alexander"]
[Black "Kelires, Andreas"]
[Result "0-1"]
[ECO "B92"]
[WhiteElo "2419"]
[BlackElo "2535"]
[Annotator "ChessBase"]
[PlyCount "82"]
[EventDate "2018.12.14"]
[EventType "swiss"]
[EventCountry "ESP"]
[SourceTitle "playchess.com"]
[Source "ChessBase"]
[SourceQuality "1"]
[TimeControl "40/5400+30:1800+30"]

1. e4 c5 2. Nf3 d6 3. d4 cxd4 4. Nxd4 Nf6 5. Nc3 a6 6. Be2 e5 7. Nb3 Be7 8. Be3 Be6 9. Qd3 Nbd7 10. Nd5 Bxd5 11. exd5 O-O 12. g4 Nb6 13. c4 Na4 14. O-O-O Nd7 15. h4 Rc8 16. Kb1 e4 17. Qxe4 Bf6 18. Nd4 g6 19. g5 Bg7 20. h5 Re8 21. Qc2 Nab6 22. hxg6 hxg6 23. Qb3 Nc5 24. Qb4 Nbd7 25. Bg4 Rc7 26. Bxd7 Qxd7 27. Rh4 Qc8 28. Qd2 Re4 29. Rdh1 Rxh4 30. Rxh4 Re7 31. f3 Nd7 32. b3 Ne5 33. f4 Ng4 34. Bg1 Re4 35. Rh3 Nf2 36. Rh2 Rxd4 37. Qxf2 Qf5+ 38. Kc1 Rxf4 39. Qe3 Re4 40. Qb6 Qxg5+ 41. Kc2 Re1 0-1

[Event "V Sunway Sitges Open 2018"]
[Site "Sitges"]
[Date "2018.12.18"]
[Round "5"]
[White "Gual Pascual, Antonio"]
[Black "Kadric, Denis"]
[Result "1-0"]
[ECO "A41"]
[WhiteElo "2357"]
[BlackElo "2554"]
[Annotator "ChessBase"]
[PlyCount "69"]
[EventDate "2018.12.14"]
[EventType "swiss"]
[EventCountry "ESP"]
[SourceTitle "playchess.com"]
[Source "ChessBase"]
[SourceQuality "1"]
[TimeControl "40/5400+30:1800+30"]

1. d4 d6 2. e4 g6 3. Nc3 a6 4. Be3 Bg7 5. Qd2 Nd7 6. O-O-O b5 7. h4 h5 8. Nh3 Ngf6 9. f3 Bb7 10. Ng5 e6 11. Qf2 Qe7 12. Be2 Rc8 13. d5 e5 14. g4 b4 15. Nb1 c6 16. gxh5 Nxh5 17. dxc6 Rxc6 18. Nd2 O-O 19. Bc4 Ndf6 20. Kb1 Nf4 21. Bb3 Rc7 22. Bb6 Rcc8 23. Ba5 Rb8 24. Bxb4 Bxe4 25. Ba3 Bd5 26. Nde4 Nxe4 27. Nxe4 Bxe4 28. Bxd6 Qf6 29. fxe4 Rxb3 30. axb3 Rc8 31. Bb4 Qc6 32. Rhe1 Qb5 33. Bc3 a5 34. Qa7 Ne2 35. Rd5 1-0

[Event "V Sunway Sitges Open 2018"]
[Site "Sitges"]
[Date "2018.12.18"]
[Round "5"]
[White "Sarkar, Justin"]
[Black "Sosa, Tomas"]
[Result "0-1"]
[ECO "A53"]
[WhiteElo "2332"]
[BlackElo "2488"]
[Annotator "ChessBase"]
[PlyCount "100"]
[EventDate "2018.12.14"]
[EventType "swiss"]
[EventCountry "ESP"]
[SourceTitle "playchess.com"]
[Source "ChessBase"]
[SourceQuality "1"]
[TimeControl "40/5400+30:1800+30"]

1. d4 Nf6 2. c4 d6 3. Nc3 Bf5 4. Qb3 Qc8 5. g3 c6 6. Bg2 e5 7. Nf3 Nbd7 8. O-O Be7 9. Nh4 Bg4 10. d5 O-O 11. e4 Nc5 12. Qc2 cxd5 13. cxd5 g6 14. Bh6 Re8 15. b4 Na6 16. Qb3 Bh3 17. Nf3 Qg4 18. Rfe1 Qh5 19. Bg5 Nc7 20. Bxh3 Qxh3 21. Bxf6 Bxf6 22. b5 Rec8 23. a4 Ne8 24. a5 Bd8 25. a6 Rab8 26. axb7 Rxb7 27. Ra6 Bb6 28. Na4 Nf6 29. Nxb6 axb6 30. Nd2 Ng4 31. Nf1 Rbc7 32. Ra2 Rc3 33. Qb4 Rc2 34. Qb3 R2c3 35. Qb4 Rc2 36. Qa3 Kg7 37. Qa4 R2c4 38. Qa3 Rc2 39. Qa4 R2c4 40. Qa3 R8c5 41. Rae2 Rc2 42. Qd3 R2c3 43. Qb1 h5 44. Rb2 h4 45. Rb3 Nxh2 46. Rxc3 Rxc3 47. Nxh2 hxg3 48. Nf1 gxf2+ 49. Kxf2 Qf3+ 50. Kg1 Qg4+ 0-1

[Event "V Sunway Sitges Open 2018"]
[Site "Sitges"]
[Date "2018.12.18"]
[Round "5"]
[White "Priyanka Nutakki"]
[Black "Pogonina, Natalija"]
[Result "0-1"]
[ECO "A21"]
[WhiteElo "2293"]
[BlackElo "2465"]
[Annotator "ChessBase"]
[PlyCount "72"]
[EventDate "2018.12.14"]
[EventType "swiss"]
[EventCountry "ESP"]
[SourceTitle "playchess.com"]
[Source "ChessBase"]
[SourceQuality "1"]
[TimeControl "40/5400+30:1800+30"]

1. c4 e5 2. Nc3 c5 3. Nf3 Nc6 4. e3 Nf6 5. d4 cxd4 6. exd4 e4 7. Ne5 Bb4 8. a3 Ba5 9. b4 Bc7 10. f4 O-O 11. Be2 d6 12. Nxc6 bxc6 13. O-O a5 14. Rb1 axb4 15. axb4 Bd7 16. Be3 Ra3 17. Qc1 Qa8 18. Qc2 d5 19. Bc1 Ra7 20. c5 Rb8 21. f5 Rab7 22. Na2 Ra7 23. Nc3 Rab7 24. Na2 Ra7 25. Rb2 h6 26. Bd2 e3 27. Bxe3 Re8 28. Bf2 Ne4 29. Bg4 Bf4 30. Re1 Nxf2 31. Kxf2 Rxe1 32. Kxe1 Bxh2 33. Nc1 Qd8 34. Kf1 Qh4 35. Qe2 Ra1 36. Rc2 Bf4 0-1

[Event "V Sunway Sitges Open 2018"]
[Site "Sitges"]
[Date "2018.12.18"]
[Round "5"]
[White "Ingebretsen, Jens E"]
[Black "Stella, Andrea"]
[Result "0-1"]
[ECO "A34"]
[WhiteElo "2251"]
[BlackElo "2503"]
[Annotator "ChessBase"]
[PlyCount "136"]
[EventDate "2018.12.14"]
[EventType "swiss"]
[EventCountry "ESP"]
[SourceTitle "playchess.com"]
[Source "ChessBase"]
[SourceQuality "1"]
[TimeControl "40/5400+30:1800+30"]

1. c4 c5 2. Nf3 Nf6 3. Nc3 d5 4. cxd5 Nxd5 5. e4 Nb4 6. Bc4 Be6 7. Bb5+ Bd7 8. a3 N4c6 9. e5 e6 10. O-O Nd4 11. Bd3 Bc6 12. Be4 Be7 13. b4 cxb4 14. axb4 Bxb4 15. Bb2 Bxc3 16. dxc3 Nxf3+ 17. Qxf3 O-O 18. Ba3 Re8 19. Rfd1 Qc7 20. Bd6 Bxe4 21. Qxe4 Qc6 22. Qe3 Nd7 23. Rxa7 Rxa7 24. Qxa7 Qxc3 25. Qxb7 Nxe5 26. Bxe5 Qxe5 27. Qd7 Rf8 28. Qd4 Qf5 29. Qd3 Qe5 30. Qd4 Qf5 31. Qd3 Qh5 32. Qf3 Qxf3 33. gxf3 Ra8 34. Kg2 Kf8 35. Rd7 Ra4 36. Rb7 g5 37. h3 Kg7 38. Rc7 Kg6 39. Re7 Rf4 40. Kg3 Ra4 41. Kg2 Ra3 42. Kg3 Ra6 43. Rb7 h5 44. Rb4 Ra5 45. Rc4 Rd5 46. Ra4 Kf5 47. Rb4 f6 48. Ra4 Rd3 49. Rb4 e5 50. Ra4 Rd4 51. Ra6 g4 52. fxg4+ hxg4 53. hxg4+ Rxg4+ 54. Kf3 Rg1 55. Rb6 e4+ 56. Ke2 Ra1 57. Rb2 Kf4 58. Rc2 f5 59. Rb2 Kg4 60. Rb8 Ra2+ 61. Kf1 f4 62. Rb3 f3 63. Kg1 Kh3 64. Rb1 e3 65. fxe3 Kg3 66. e4 Rg2+ 67. Kf1 Rh2 68. Kg1 f2+ 0-1

[Event "V Sunway Sitges Open 2018"]
[Site "Sitges"]
[Date "2018.12.18"]
[Round "5"]
[White "Sanchez Lopez, Juan Manuel"]
[Black "Perez Bolanos, David"]
[Result "1-0"]
[ECO "A25"]
[WhiteElo "2065"]
[BlackElo "1747"]
[Annotator "NA"]
[PlyCount "61"]
[EventDate "2018.12.14"]
[EventType "swiss"]
[EventCountry "ESP"]
[SourceTitle "playchess.com"]
[Source "ChessBase"]
[SourceQuality "1"]
[TimeControl "40/5400+30:1800+30"]

1. c4 e5 2. Nc3 Nc6 3. g3 Nf6 4. Bg2 d6 5. d3 g6 6. e4 Bg7 7. Nge2 O-O 8. O-O Ne8 9. Be3 Nd4 10. Qd2 c6 11. Rae1 f5 12. f4 Nxe2+ 13. Rxe2 fxe4 14. dxe4 Be6 15. b3 Qe7 16. Ref2 exf4 17. gxf4 Nc7 18. f5 Bd7 19. Bh6 Bxh6 20. Qxh6 Rf6 21. Qh4 Qg7 22. Ne2 g5 23. Qg4 Be8 24. Ng3 h6 25. c5 h5 26. Nxh5 Bxh5 27. Qxh5 Rh6 28. Qg4 dxc5 29. f6 Qg6 30. Rf5 Ne6 31. Re5 1-0

[Event "V Sunway Sitges Open 2018"]
[Site "Sitges"]
[Date "2018.12.18"]
[Round "5"]
[White "Sismeiro, Miguel"]
[Black "Lopez Capape, Armando"]
[Result "1-0"]
[ECO "B39"]
[WhiteElo "2006"]
[BlackElo "1827"]
[Annotator "NA"]
[PlyCount "49"]
[EventDate "2018.12.14"]
[EventType "swiss"]
[EventCountry "ESP"]
[SourceTitle "playchess.com"]
[Source "ChessBase"]
[SourceQuality "1"]
[TimeControl "40/5400+30:1800+30"]

1. e4 c5 2. Nf3 g6 3. d4 cxd4 4. Nxd4 Bg7 5. c4 Nc6 6. Be3 Nf6 7. Nc3 Ng4 8. Qxg4 Nxd4 9. Qd1 e5 10. Nb5 Nxb5 11. cxb5 O-O 12. Bc4 Kh8 13. Bc5 Qh4 14. Bxf8 Bxf8 15. O-O d6 16. Qd5 Be6 17. Qxb7 Rd8 18. Bxe6 fxe6 19. Rac1 d5 20. Rc8 d4 21. Rxd8 Qxd8 22. Qf7 h6 23. Qxe6 d3 24. Qxe5+ Bg7 25. Qd5 1-0

[Event "V Sunway Sitges Open 2018"]
[Site "Sitges"]
[Date "2018.12.18"]
[Round "5"]
[White "Gonzalez Pabollet, Jesus Maria S"]
[Black "Pedashenko, Anatoly"]
[Result "0-1"]
[ECO "A06"]
[WhiteElo "1815"]
[BlackElo "1985"]
[Annotator "NA"]
[PlyCount "46"]
[EventDate "2018.12.14"]
[EventType "swiss"]
[EventCountry "ESP"]
[SourceTitle "playchess.com"]
[Source "ChessBase"]
[SourceQuality "1"]
[TimeControl "40/5400+30:1800+30"]

1. Nf3 d5 2. g3 Nf6 3. Bg2 Bg4 4. c4 c6 5. cxd5 cxd5 6. Nc3 Nc6 7. d4 Qb6 8. O-O e6 9. e3 Bd6 10. h3 Bh5 11. a3 Rc8 12. Qd3 O-O 13. Qb5 Qc7 14. Bd2 a6 15. Qa4 Nd7 16. b4 Nb6 17. Qb3 Nc4 18. Ra2 Nxd2 19. Rxd2 Nxd4 20. Rxd4 Qxc3 21. Qa4 Bxg3 22. Ne1 Be2 23. fxg3 Qxe3+ 0-1

[Event "V Sunway Sitges Open 2018"]
[Site "Sitges"]
[Date "2018.12.18"]
[Round "5"]
[White "Jagadeesh, Balakrishnan"]
[Black "Lopez Arjona, Emilio"]
[Result "1-0"]
[ECO "A45"]
[WhiteElo "1750"]
[BlackElo "1535"]
[Annotator "NA"]
[PlyCount "103"]
[EventDate "2018.12.14"]
[EventType "swiss"]
[EventCountry "ESP"]
[SourceTitle "playchess.com"]
[Source "ChessBase"]
[SourceQuality "1"]
[TimeControl "40/5400+30:1800+30"]

1. d4 Nf6 2. g3 d5 3. c4 c6 4. Bg2 Bf5 5. Nf3 h6 6. O-O e6 7. Nc3 Bd6 8. Nd2 Bc7 9. e4 dxe4 10. Ndxe4 Nbd7 11. d5 Nxe4 12. Nxe4 cxd5 13. cxd5 Rb8 14. dxe6 Bxe6 15. Nd6+ Bxd6 16. Qxd6 Nf6 17. Qa3 Qe7 18. Qxa7 O-O 19. a3 Nd5 20. Be3 Ra8 21. Qc5 Qxc5 22. Bxc5 Rfc8 23. Rac1 Rc6 24. Rfd1 Rac8 25. Bxd5 Rxc5 26. Rxc5 Rxc5 27. Bxb7 Rb5 28. Rd8+ Kh7 29. Be4+ f5 30. Bc6 Rxb2 31. a4 Ra2 32. Kg2 h5 33. h4 Bb3 34. Rd4 Bf7 35. Kf3 Ra3+ 36. Ke2 Ra2+ 37. Ke3 Ra3+ 38. Rd3 Ra2 39. Rd2 Ra3+ 40. Kd4 Be6 41. Bb5 Kg6 42. Kc5 Rc3+ 43. Kb6 Rb3 44. Ka7 Ra3 45. Ka6 Bc8+ 46. Kb6 Rb3 47. a5 Be6 48. Rd6 Kf7 49. Rc6 Ke7 50. Rc5 Kd8 51. a6 Bd7 52. a7 1-0

[Event "V Sunway Sitges Open 2018"]
[Site "Sitges"]
[Date "2018.12.18"]
[Round "5"]
[White "Perez Bolanos, Joel"]
[Black "Bono Monreal, Alberto"]
[Result "1/2-1/2"]
[ECO "B56"]
[WhiteElo "1717"]
[BlackElo "2014"]
[Annotator "NA"]
[PlyCount "70"]
[EventDate "2018.12.14"]
[EventType "swiss"]
[EventCountry "ESP"]
[SourceTitle "playchess.com"]
[Source "ChessBase"]
[SourceQuality "1"]
[TimeControl "40/5400+30:1800+30"]

1. e4 c5 2. Nf3 d6 3. d4 cxd4 4. Nxd4 Nf6 5. Nc3 e5 6. Nb3 Be7 7. g3 O-O 8. Bg2 a5 9. a4 Nc6 10. O-O Bg4 11. f3 Be6 12. Nd5 Rc8 13. c3 Re8 14. Be3 Bf8 15. Bb6 Qd7 16. Nxf6+ gxf6 17. Nxa5 Bh6 18. Nxc6 bxc6 19. a5 c5 20. Qa4 Qe7 21. Rfd1 f5 22. Rd3 Bd7 23. Qd1 Rc6 24. Qe2 fxe4 25. fxe4 f5 26. exf5 e4 27. Qg4+ Kh8 28. Re1 Qf7 29. Bxe4 Bxf5 30. Qf3 Qe6 31. Qxf5 Qxf5 32. Bxf5 Rxe1+ 33. Kf2 Rb1 34. Bd7 Rxb2+ 35. Kf3 Rcxb6 1/2-1/2

[Event "V Sunway Sitges Open 2018"]
[Site "Sitges"]
[Date "2018.12.18"]
[Round "5"]
[White "Barguer, Alexey"]
[Black "Clanchet Olle, Josep"]
[Result "1/2-1/2"]
[ECO "A06"]
[WhiteElo "1435"]
[BlackElo "1654"]
[Annotator "NA"]
[PlyCount "67"]
[EventDate "2018.12.14"]
[EventType "swiss"]
[EventCountry "ESP"]
[SourceTitle "playchess.com"]
[Source "ChessBase"]
[SourceQuality "1"]
[TimeControl "40/5400+30:1800+30"]

1. Nf3 d5 2. g3 Bf5 3. Bg2 c6 4. O-O e6 5. c4 Nf6 6. cxd5 exd5 7. d3 Bd6 8. Nc3 O-O 9. Qc2 Re8 10. Re1 Nbd7 11. a3 Qc7 12. b4 a5 13. bxa5 Rxa5 14. Bd2 Rea8 15. a4 b5 16. Nd4 Be6 17. Ncxb5 cxb5 18. Qxc7 Bxc7 19. Bxa5 Bxa5 20. axb5 Nb6 21. Rec1 Bd7 22. Nc6 Bd2 23. Rxa8+ Nxa8 24. Ra1 Bxc6 25. bxc6 Nc7 26. Ra7 Nfe8 27. Bh3 Nb5 28. Ra8 Nbc7 29. Ra7 Kf8 30. Bd7 Nb5 31. Ra8 Nbc7 32. Ra7 Nb5 33. Ra8 Nbc7 34. Ra7 1/2-1/2

[Event "V Sunway Sitges Open 2018"]
[Site "Sitges"]
[Date "2018.12.18"]
[Round "5"]
[White "Bolat, Inayat"]
[Black "Grau Ferrer, Carles"]
[Result "0-1"]
[ECO "B54"]
[WhiteElo "1262"]
[BlackElo "1796"]
[Annotator "NA"]
[PlyCount "66"]
[EventDate "2018.12.14"]
[EventType "swiss"]
[EventCountry "ESP"]
[SourceTitle "playchess.com"]
[Source "ChessBase"]
[SourceQuality "1"]
[TimeControl "40/5400+30:1800+30"]

1. e4 c5 2. Nf3 d6 3. d4 cxd4 4. Nxd4 e6 5. Nc3 Nc6 6. Be3 Be7 7. Bb5 Bd7 8. O-O Nf6 9. f4 Nxd4 10. Qxd4 O-O 11. e5 Ng4 12. exd6 Bf6 13. Qe4 Nxe3 14. Qxe3 Bxc3 15. Bxd7 Bf6 16. Bb5 Qxd6 17. Rad1 Qb4 18. Bd3 Bd4 19. Qxd4 Qxd4+ 20. Kh1 Qb6 21. Rf3 g6 22. b3 Rad8 23. Rdf1 Rd6 24. h4 Qa5 25. a4 Rfd8 26. Re1 Qxe1+ 27. Kh2 Qxh4+ 28. Kg1 Rxd3 29. cxd3 Qe1+ 30. Kh2 Qd1 31. Rg3 Rxd3 32. Rxd3 Qxd3 33. b4 Qd2 0-1

[Event "V Sunway Sitges Open 2018"]
[Site "Sitges"]
[Date "2018.12.19"]
[Round "6"]
[White "Soumya, Swaminathan"]
[Black "Kulaots, Kaido"]
[Result "0-1"]
[ECO "B42"]
[WhiteElo "2428"]
[BlackElo "2555"]
[Annotator "ChessBase"]
[PlyCount "48"]
[EventDate "2018.12.14"]
[EventType "swiss"]
[EventCountry "ESP"]
[SourceTitle "playchess.com"]
[Source "ChessBase"]
[SourceQuality "1"]
[TimeControl "40/5400+30:1800+30"]

1. e4 c5 2. Nf3 e6 3. d4 cxd4 4. Nxd4 a6 5. Bd3 Ne7 6. O-O Nbc6 7. Nxc6 Nxc6 8. Bf4 Be7 9. e5 d6 10. exd6 Bxd6 11. Bxd6 Qxd6 12. Nc3 Bd7 13. Qg4 O-O 14. Rad1 Qe7 15. Rfe1 Rad8 16. Qh5 f5 17. f4 e5 18. fxe5 Qc5+ 19. Kh1 Nxe5 20. Be2 Rde8 21. Rxd7 Nxd7 22. Qh4 Ne5 23. Rd1 f4 24. h3 Kh8 0-1

[Event "V Sunway Sitges Open 2018"]
[Site "Sitges"]
[Date "2018.12.19"]
[Round "6"]
[White "Ruiz Gonzalez, Jorge"]
[Black "Kairbekova, Amina"]
[Result "1/2-1/2"]
[ECO "C00"]
[WhiteElo "2083"]
[BlackElo "1905"]
[Annotator "NA RC"]
[PlyCount "136"]
[EventDate "2018.12.14"]
[EventType "swiss"]
[EventCountry "ESP"]
[SourceTitle "playchess.com"]
[Source "ChessBase"]
[SourceQuality "1"]
[TimeControl "40/5400+30:1800+30"]

1. e4 e6 2. d4 d5 3. Bd3 dxe4 4. Bxe4 Nf6 5. Bf3 c5 6. Ne2 Nc6 {[%emt 0:00:10] C01: French: Exchange Variation} 7. Be3 cxd4 (7... Nd5 8. Bxd5 Qxd5 9. Nbc3 Qxg2 10. Rg1 Qf3 11. Nb5 Rb8 12. dxc5 Bd7 13. Nc7+ Kd8 14. Nb5 {0-1 (54) Kramnik,V (2808)-Caruana,F (2808) Stavanger 2017}) 8. Nxd4 Ne5 9. Nc3 Be7 10. Ndb5 Nxf3+ 11. gxf3 Bd7 12. Nd6+ Bxd6 13. Qxd6 Bc6 14. Qxd8+ $146 ({Predecessor:} 14. Qg3) 14... Rxd8 15. Rg1 O-O 16. Bg5 Kh8 17. Ne4 Bxe4 18. fxe4 Rc8 19. Bxf6 gxf6 20. O-O-O Rc7 21. Rd3 Rg8 22. Rgg3 Rxg3 23. hxg3 Kg7 24. Kd2 a6 25. Rc3 Rd7+ 26. Ke3 Kg6 27. Rc5 f5 28. exf5+ exf5 29. b4 h5 30. a4 Kg5 31. b5 axb5 32. axb5 Kf6 33. f4 Re7+ 34. Kf3 Rd7 35. c4 Rd3+ 36. Kg2 Rc3 37. Rc7 b6 38. Rc6+ Kg7 39. Kh3 f6 40. Kg2 Kg6 41. Rxb6 Rxc4 42. Rb8 Kg7 43. b6 Rc2+ 44. Kf3 Rc3+ 45. Kf2 Rc2+ 46. Ke3 Rc3+ 47. Kd4 Rxg3 48. b7 Rb3 49. Kc5 h4 50. Kc6 $1 ({Don't go for} 50. Kc4 $2 Rb1 $19) 50... h3 51. Ra8 h2 52. Ra1 Rc3+ 53. Kd7 Rb3 54. Kc8 Rc3+ 55. Kd7 Rb3 56. Kc7 Rc3+ 57. Kb6 Rb3+ 58. Ka7 Kh6 59. Rh1 Kh5 60. Rxh2+ Kg4 61. Rh6 Kxf4 62. Rxf6 Rxb7+ 63. Kxb7 $11 Ke5 64. Rb6 f4 65. Kc6 f3 66. Rb1 Kd4 67. Rd1+ Ke3 68. Kd5 {[%emt 0:00:27] Kd4+} Ke2 1/2-1/2